 Dungeon Crawl Stone Soup version 0.21.1-1-g345015f (webtiles) character file.

340 buskinjo2 the Cudgeler (level 6, 0/42 HPs)
             Began as an Octopode Fighter on Mar 2, 2018.
             Was an Initiate of Gozag.
             Slain by a jackal (2 damage)
             ... on level 4 of the Dungeon on Mar 3, 2018.
             The game lasted 00:09:27 (3042 turns).

buskinjo2 the Cudgeler (Octopode Fighter)           Turns: 3042, Time: 00:09:28

Health: 0/42       AC:  1    Str: 16    XL:     6   Next: 56%
Magic:  6/6        EV: 11    Int: 12    God:    Gozag
Gold:   158        SH:  8    Dex: 11    Spells: 5/5 levels left

rFire    . . .     SeeInvis .   a - +0 flail
rCold    . . .     Gourm    .   b - +0 shield
rNeg     . . .     Faith    .   (helmet restricted)
rPois    .         Spirit   .   (no amulet)
rElec    .         Reflect  .   (no ring)
rCorr    .         Harm     .   (no ring)
MR       .....                  (no ring)
Stlth    ++........             (no ring)
HPRegen  0.14/turn              (no ring)
MPRegen  0.10/turn              (no ring)
                                (no ring)
                                (no ring)

@: no status effects
A: almost no armour, stealthy swim, amphibious, 8 rings, constrict 8, camouflage
1, gelatinous body 1
a: Potion Petition, Call Merchant, Bribe Branch, Renounce Religion


You were on level 4 of the Dungeon.
You worshipped Gozag.
Gozag was aware of your devotion.
You were not hungry.

You visited 2 branches of the dungeon, and saw 5 of its levels.

You collected 227 gold pieces.
You paid 69 gold pieces to Gozag.

Inventory:

Hand Weapons
 a - a +0 flail (weapon)
Armour
 b - a +0 shield (worn)
Scrolls
 g - a scroll of identify
 h - a scroll of blinking
 k - 2 scrolls of remove curse
Potions
 c - a potion of might
 e - a potion of degeneration {unknown}
 f - 3 potions of brilliance
 j - 2 potions of haste
 l - a potion of resistance
 n - a potion of ambrosia
 o - a potion of berserk rage {unknown}
Comestibles
 d - 9 rations


   Skills:
 - Level 3.0 Fighting
 + Level 6.8 Maces & Flails
 - Level 3.0 Dodging
 - Level 3.0 Shields


You had 5 spell levels left.
You didn't know any spells.

Dungeon Overview and Level Annotations

Branches:
Dungeon (4/15)             Temple (1/1) D:4

Altars:
Ashenzari
Elyvilon
Gozag
Makhleb
Okawaru
Qazlal
Uskayaw
Yredelemnul


Innate Abilities, Weirdness & Mutations

You cannot wear most types of armour.
You are very stealthy in the water. (Stealth+)
You are amphibious.
You can wear up to eight rings at the same time.
You can use your tentacles to constrict eight enemies at once.
Your skin changes colour to match your surroundings (Stealth+).
Your rubbery body absorbs attacks. (AC +1, EV +1)


Message History

You hit the ogre but do no damage. You squeeze the ogre, but do no damage.
The ogre is severely wounded.
You block the jackal's attack. The ogre hits you with a giant club!
* * * LOW HITPOINT WARNING * * *
You block the jackal's attack.
The jackal bites you but does no damage.
There is an open door here.
You block the jackal's attack.
Okay, then.
Things that are here:
an enchanted scythe; a robe The jackal bites you.
* * * LOW HITPOINT WARNING * * *
There is an open door here.
The jackal bites you.
* * * LOW HITPOINT WARNING * * *
There is a staircase to the Ecumenical Temple here.
The jackal bites you.
You die...
Your body crumbles into a pile of gold.

#...................
#...................
###...................
....##########'#.....
....#..........# ....#
....#.(......###+###..#
....#........#.....#..#
....####+##..#.⌠.⌠.#..#
..........#..'..@..+..#+####
..........#..#.⌠h⌠.#........
..........#+##..O..#........
.............###'###........
.................)..........
............................
....# ##......####'#####+#
....# #......#.....# ..).#
#...)..#..%..#


You could see an ogre and a jackal.

Vanquished Creatures
  Sigmund (D:4)
  A centaur skeleton (D:4)
  An orc wizard (D:3)
  A worker ant (D:4)
  3 adders (D:2)
  3 oozes
  A worm (D:2)
  2 dart slugs
  4 leopard geckos
  4 orcs
  A giant cockroach (D:4)
  7 goblins
  8 hobgoblins
  3 jackals (D:4)
  2 quokkas (D:2)
  4 bats
  2 frilled lizards (D:2)
  A jackal skeleton (D:4)
  12 rats
61 creatures vanquished.

Notes
Turn   | Place    | Note
-------+----------+-------------------------------------------
     0 | D:1      | buskinjo2 the Octopode Fighter began the quest for the Orb.
     0 | D:1      | Reached XP level 1. HP: 16/16 MP: 1/1
   195 | D:1      | Reached XP level 2. HP: 21/21 MP: 2/2
   344 | D:1      | Reached skill level 3 in Maces & Flails
  1035 | D:2      | Reached XP level 3. HP: 23/26 MP: 3/3
  1522 | D:2      | Reached skill level 4 in Maces & Flails
  1741 | D:2      | Reached XP level 4. HP: 27/31 MP: 4/4
  2210 | D:3      | Noticed an ogre
  2286 | D:4      | Reached skill level 5 in Maces & Flails
  2286 | D:4      | Reached XP level 5. HP: 23/36 MP: 5/5
  2901 | D:4      | Found a staircase to the Ecumenical Temple.
  2918 | D:4      | Noticed Sigmund
  2927 | Temple   | Entered the Ecumenical Temple
  2955 | Temple   | Became a worshipper of Gozag Ym Sagoz the Greedy
  2994 | D:4      | Killed Sigmund
  2994 | D:4      | Reached skill level 6 in Maces & Flails
  2994 | D:4      | Reached XP level 6. HP: 34/42 MP: 6/6
  3038 | D:4      | HP: 2/42 [jackal (2)]
  3042 | D:4      | Slain by a jackal

Skill      XL: |  1  2  3  4  5 |
---------------+----------------+-----
Maces & Flails | 3 4 5 6 |  6.8
Fighting       | |  3.0
Dodging        | |  3.0
Shields        | |  3.0

Action                   |  1- 3 |  4- 6 || total
-------------------------+-------+-------++-------
Melee: Flail             |    74 |    65 ||   139
       Tentacles         |    12 |    15 ||    27
       Constrict         |    15 |    12 ||    27
  Use: Scroll            |     3 |     8 ||    11
 Stab: Sleeping          |     4 |     9 ||    13
  Eat: Chunk             |     3 |     1 ||     4
       Ration            |       |     1 ||     1
Armor: Skin              |     9 |     1 ||    10
Dodge: Dodged            |    54 |    23 ||    77
Block: Shield            |    50 |    22 ||    72
